 Dungeon Crawl Stone Soup version 0.21.0-3-g78d12a8 (webtiles) character file.

312 syraniss the Ruffian (level 6, -1/44 HPs)
             Began as a Demonspawn Gladiator on Jan 10, 2018.
             Was a Follower of Qazlal.
             Slain by Eustachio
             ... wielding a +0 falchion of electrocution
              (13 damage)
             ... on level 4 of the Dungeon.
             The game lasted 00:15:04 (3913 turns).

syraniss the Ruffian (Demonspawn Gladiator)         Turns: 3913, Time: 00:15:04

Health: -1/44      AC: 11    Str: 17    XL:     6   Next: 18%
Magic:  6/6        EV: 11    Int:  9    God:    Qazlal [*.....]
Gold:   176        SH:  2    Dex: 14    Spells: 5/5 levels left

rFire    . . .     SeeInvis .     - Unarmed
rCold    + . .     Gourm    .   (no shield)
rNeg     . . .     Faith    .   n - +0 chain mail
rPois    .         Spirit   .   k - +0 helmet
rElec    .         Reflect  .   (no cloak)
rCorr    .         Harm     .   (no gloves)
MR       .....                  (no boots)
Stlth    ..........             (no amulet)
HPRegen  0.14/turn              t - +3 ring of evasion
MPRegen  0.10/turn              (no ring)

@: no status effects
A: iridescent scales 1, cold resistance 1, powered by death 1, freezing cloud
immunity
a: Renounce Religion


You were on level 4 of the Dungeon.
You worshipped Qazlal.
Qazlal was aware of your devotion.
You were not hungry.

You visited 1 branch of the dungeon, and saw 4 of its levels.

You collected 176 gold pieces.

Inventory:

Missiles
 c - 3 throwing nets (quivered)
Armour
 a - a +0 leather armour
 b - a +0 helmet
 k - a +0 helmet (worn)
 n - a +0 chain mail (worn)
 x - a +0 chain mail
Jewellery
 t - a +3 ring of evasion (left hand)
Wands
 y - a wand of polymorph (15)
Scrolls
 g - a scroll of enchant weapon {unknown}
 i - a scroll of immolation {unknown}
 m - a scroll of blinking {unknown}
 o - a scroll of remove curse {unknown}
 p - 4 scrolls of identify {unknown}
 q - a scroll of teleportation {unknown}
 s - 2 scrolls of enchant armour {unknown}
 v - a scroll of magic mapping {unknown}
 w - a scroll of amnesia {unknown}
Potions
 e - 2 potions of lignification {unknown}
 f - 2 potions of curing {unknown}
 h - 2 potions of mutation {unknown}
 j - 4 potions of flight {unknown}
 l - a potion of haste {unknown}
 r - a potion of heal wounds {unknown}
 u - a potion of agility {unknown}
Comestibles
 d - 8 rations


   Skills:
 - Level 2.0 Fighting
 - Level 1.7 Throwing
 - Level 3.0 Dodging
 + Level 6.2 Unarmed Combat


You had 5 spell levels left.
You didn't know any spells.

Dungeon Overview and Level Annotations

Branches:
Dungeon (4/15)
 Temple: D:4-7

Altars:
Cheibriados
Elyvilon
Fedhas
Qazlal
Trog
Vehumet

Annotations:
D:4 Eustachio; Truegreen's ghost, amateur DrBe


Innate Abilities, Weirdness & Mutations

You are partially covered in iridescent scales. (AC +2)
Your flesh is cold resistant. (rC+)
You regenerate a little health from kills.
You are immune to freezing clouds.


Message History

You closely miss Eustachio.
Eustachio is moderately wounded.
Eustachio gestures wildly while chanting.
The ufetubus hits you. The ufetubus closely misses you. The quokka bites you.
You hit Eustachio but do no damage.
Eustachio is moderately wounded.
The ufetubus barely misses you.
The ufetubus hits you but does no damage.
Eustachio hits you but does no damage.
You are electrocuted!
The quokka bites you but does no damage.
Your chain mail prevents you from hitting Eustachio.
Your punch misses Eustachio.
Eustachio is moderately wounded.
The ufetubus barely misses you.
The ufetubus hits you but does no damage.
The crimson imp barely misses you. The quokka barely misses you.
Eustachio hits you with a falchion of electrocution.
* * * LOW HITPOINT WARNING * * *
You are electrocuted!
You die...

.. #! ####.############
##...............# ###
#................# #.)
#................# #.#
#................# #)#
#.....r§...>.....# #.#
#....@@..........####.#
##..5.55..............#
#.................##.#
#.................##.#
#.....................
...................##.#
#.#.....................
..############.......##.
#.......#..


You could see Eustachio, a crimson imp, a shadow imp, an ufetubus and a quokka.

Vanquished Creatures
  A phantom (D:4)
  The ghost of Truegreen the Skirmisher, a weakling DrBe of Trog (D:3)
  An orc wizard (D:2)
  5 adders
  An ooze (D:3)
  2 worms (D:2)
  4 dart slugs
  A leopard gecko (D:1)
  14 orcs
  2 ball pythons (D:3)
  2 giant cockroaches (D:3)
  5 goblins
  5 hobgoblins
  3 jackals (D:3)
  9 kobolds
  2 quokkas
  7 bats
  4 frilled lizards
  7 rats
76 creatures vanquished.

Notes
Turn   | Place    | Note
-------+----------+-------------------------------------------
     0 | D:1      | syraniss the Demonspawn Gladiator began the quest for the Orb.
     0 | D:1      | Reached XP level 1. HP: 16/16 MP: 1/1
   176 | D:1      | Reached skill level 3 in Unarmed Combat
   184 | D:1      | Gained mutation: You regenerate a little health from kills. [demonic ancestry]
   184 | D:1      | Reached XP level 2. HP: 7/22 MP: 2/2
   802 | D:2      | Found a stormy altar of Qazlal.
   818 | D:2      | Found a radiant altar of Vehumet.
   818 | D:2      | Found a blossoming altar of Fedhas.
   818 | D:2      | Found a bloodstained altar of Trog.
   961 | D:2      | Found a snail-covered altar of Cheibriados.
   962 | D:2      | Found a white marble altar of Elyvilon.
   969 | D:2      | Became a worshipper of Qazlal Stormbringer
  1029 | D:2      | Reached XP level 3. HP: 24/27 MP: 3/3
  1188 | D:2      | Reached skill level 4 in Unarmed Combat
  1201 | D:2      | Found a faded altar of an unknown god.
  1546 | D:2      | Gained mutation: Your flesh is cold resistant. (rC+) [demonic ancestry]
  1546 | D:2      | Reached XP level 4. HP: 24/33 MP: 4/4
  2215 | D:3      | Noticed Truegreen's ghost (weakling DrBe)
  2714 | D:2      | Reached * piety under Qazlal
  2714 | D:2      | Reached skill level 5 in Unarmed Combat
  2714 | D:2      | Gained mutation: You are immune to freezing clouds. [demonic ancestry]
  2714 | D:2      | Reached XP level 5. HP: 19/38 MP: 5/5
  3365 | D:3      | Killed Truegreen's ghost
  3460 | D:4      | Noticed Truegreen's ghost (amateur DrBe)
  3663 | D:4      | Noticed a phantom
  3715 | D:4      | Killed a phantom
  3715 | D:4      | Reached skill level 6 in Unarmed Combat
  3715 | D:4      | Gained mutation: You are partially covered in iridescent scales. (AC +2) [demonic ancestry]
  3715 | D:4      | Reached XP level 6. HP: 17/44 MP: 6/6
  3889 | D:4      | Noticed Eustachio
  3913 | D:4      | Slain by Eustachio

Skill      XL: |  1  2  3  4  5 |
---------------+----------------+-----
Dodging        | 3 |  3.0
Unarmed Combat | 3 4 5 6 |  6.2
Fighting       | |  2.0
Throwing       | |  1.7

Action                   |  1- 3 |  4- 6 || total
-------------------------+-------+-------++-------
Melee: Unarmed           |   170 |   260 ||   430
       Punch             |     1 |     3 ||     4
  Eat: Chunk             |     2 |     8 ||    10
Armor: Leather armour    |    38 |       ||    38
       Chain mail        |    43 |   200 ||   243
Dodge: Dodged            |    87 |   127 ||   214
Block: Other             |       |     5 ||     5
